Unix xNetHack Version 8.0.0 - last build Jan 14 2024 16:46:22 (be4d3c81716514284228e1a23197c27ddb32b841). Game began 2024-01-17 14:15:08, ended 2024-01-18 13:31:23. breadmaster, lawful female human Samurai -------- --------------------------------- |....... |...............................| |......| |.----....------|--------%....{.| |....^.| |.|..|....|.%%|..| |..-.......| |....>..### |.|..|---.|.%=|..| |..|.......| ---|---- ## #|.|%.|..|.-.(!|--- |---.-----.| ## ###..-|-|..|.----|. - ---....-...| | ## ##|....--|-..-..|. |........|...|.| ### #|..........|..||-- -----..-----.| ## |.{..--|-.----|.. |........| -----.----- +....|..|.|.. |.. |.---|-..| |.........| |.-|-|..|.|...|.--------.|...|..| |..<......| |.|..|..|.|._.|@G..|..|..|(((|..| |.........| |.|..|---.|...-.| .|..|..|(((|..| |.........+ |.----....-----.-----|-..-----..| ----------- |.................%.............| --------------------------------- Breadmaster the Ronin St:14 Dx:14 Co:18 In:12 Wi:10 Ch:8 Lawful S:1615 Dlvl:7 $:29 HP:0(55) Pw:18(18) AC:3 Xp:5/309 T:1490 Latest messages: You see here a candle (for sale, 36 zorkmids). You see here a candle (for sale, 13 zorkmids). You see here a lamp (for sale, 889 zorkmids). You see here a candle (for sale, 13 zorkmids). The gnomish wizard casts a spell at you! Your brain is on fire! You lacerate the gnomish wizard. The gnomish wizard points at you, then curses. You miss the gnomish wizard. The gnomish wizard points all around, then curses. You miss the gnomish wizard. The gnomish wizard points at you, then curses. You rend the gnomish wizard! The gnomish wizard points all around, then curses. You miss the gnomish wizard. The gnomish wizard points all around, then curses. You don't know any spells right now. You rend the gnomish wizard. The gnomish wizard points at you, then curses. You kill the gnomish wizard! You see here a candle (for sale, 27 zorkmids). You hear a door open. You swap places with the peaceful watchman. You see here 2 slime molds. The priest of Susanowo intones: "Pilgrim, you enter a sacred place!" You have a forbidding feeling... The gnome lord punches you! The air crackles around the gnomish wizard. You hack the gnomish wizard. The gnome lord punches you! The gnomish wizard points at you, then curses. You miss the gnomish wizard. The gnome lord just misses! The gnomish wizard points at you, then curses. You miss the gnomish wizard. The gnome lord punches you! The gnomish wizard points at you, then curses. You hit the gnomish wizard! The gnome lord punches you! The gnomish wizard points all around, then curses. You slash the gnomish wizard! You miss the gnomish wizard. The gnome lord punches you! The gnomish wizard points at you, then curses. The gnomish wizard points all around, then curses. You kill the gnomish wizard! The gnome lord punches you! You die... Do you want your possessions identified? [ynq] (y) q Inventory: Inventory: 718/850 weight (25/52 slots) Coins $ - 29 gold pieces {1} Weapons d - 42 +0 ya (in quiver) {42} c - a blessed +0 yumi {30} u - 3 +0 daggers {30} k - 2 +0 wooden orcish daggers {6} a - a +0 katana (weapon in hand) {40} b - a +0 wakizashi (alternate weapon; not wielded) {30} Armor l - an uncursed +0 orcish helm (being worn) {23} q - an uncursed +0 orcish helm {30} e - a blessed rustproof +0 splint mail (being worn) {300} Comestibles g - 3 uncursed gunyoki {60} w - a cursed tripe ration {10} Scrolls i - a cursed scroll of confuse monster {5} f - an uncursed scroll of light {5} h - a blessed scroll of teleportation {5} r - an uncursed scroll of teleportation {5} Potions A - an uncursed potion of confusion {20} Rings m - a cursed -1 ring of increase accuracy {3} Wands v - a wand of sleep (0:4) {7} Tools x - an empty uncursed bag of holding {15} y - an uncursed lantern {30} z - an uncursed cloth leash {8} Gems/Stones o - an uncursed jet stone {1} n - an uncursed worthless piece of white glass {1} p - 2 uncursed worthless pieces of yellow glass {2} t - an uncursed luckstone {10} Breadmaster the Samurai's attributes: Background: You were a Ronin, a level 5 female human Samurai. You were lawful, nominally on a mission for Amaterasu Omikami who was opposed by Raijin (neutral) and Susanowo (chaotic). You were heterosexual. You were in the Gnomish Mines, on level 7. You entered the dungeon 1490 turns ago. You had 309 experience points, 11 more were needed to attain level 6. Your score was 1615 before end-of-game adjustments. Basics: You had 0 out of 55 hit points. You had all 18 energy points (spell power). Your armor class was 3. Your wallet contained 29 zorkmids. Autopickup was off. Final Characteristics: Your strength was 14 (limit:18/100). Your dexterity was 14 (limit:18). Your constitution was 18 (limit:18). Your intelligence was 12 (limit:18). Your wisdom was 10 (limit:18). Your charisma was 8 (limit:18). Final Status: You were not hungry. You were unencumbered. You were wielding a long sword. You had basic skill with long sword. Final Attributes: You were devoutly aligned. You were warded. You were fast. You were lucky. You had extra luck. Bad luck did not time out for you. Good luck did not time out for you. You are dead. Miscellaneous: You never encountered a bones level. Total elapsed playing time was 1 hour, 19 minutes and 11 seconds. Major events: Turn 1: breadmaster the lawful female human Samurai entered the dungeon 596: attained the rank of Ronin (level 3) 849: entered the Gnomish Mines 1490: killed by a gnome lord Vanquished creatures: 2 small mimics 2 gnomish wizards 4 giant ants a dwarf 14 gnomes 2 jackals 2 goblins 4 grid bugs 5 lichens a kobold zombie a newt 38 creatures vanquished. No species were genocided or became extinct. Voluntary challenges: You were an atheist. You were illiterate. You never genocided any monsters. You never polymorphed an object. You never changed form. You never touched an artifact. You used no wishes. You never scared an enemy with impunity. You were celibate. You never generated conflict. Achievements: You entered a shop. You attained the rank of Ronin. You entered the Gnomish Mines. You entered a temple. Dungeon overview: The Dungeons of Doom: levels 1 to 3 Level 1: A tree. Level 2: A general store, a fountain, a tree. Level 3: A fountain. Stairs down to The Gnomish Mines. The Gnomish Mines: levels 4 to 8 Level 4: Level 5: Level 6: Level 7: <- You were here. Some shops, a temple, some fountains. Final resting place for you, killed by a gnome lord. Level 8: Game over: __________ / \ / REST \ / IN \ / PEACE \ / \ | breadmaster | | 29 Au | | killed by a | | gnome lord | | | | | | 2024 | *| * * * | * _________)/\\_//(\/(/\)/\//\/|_)_______ Sayonara breadmaster the Samurai... You died in The Gnomish Mines on dungeon level 7 with 1613 points, and 29 pieces of gold, after 1490 moves. You were level 5 with a maximum of 55 hit points when you died.